BSA
BAFFIN ISLAND BEAVERS @ NEVADA NOISE
03/16/2028
 
TOP OF THE 1ST
Baffin Island Beavers batting - Pitching for Nevada Noise : RHP Alberto Parra
Pitching: RHP Alberto Parra
Batting: LHB José Rodríguez 0-0: Called Strike
0-1: Ball
1-1: Called Strike
1-2: DOUBLE (Line Drive, 8RXD)
Batting: LHB Norberto Muńóz 0-0: Ball
1-0: Foul Ball, location: 2F
1-1: Swinging Strike
1-2: Ball
2-2: SINGLE (Line Drive, 4MD)
José Rodríguez to third
Batting: LHB Robert Phillips 0-0: Ball
1-0: Ball
2-0: Called Strike
2-1: Foul Ball, location: 2F
2-2: Foul Ball, location: 2F
2-2: Strikes out swinging
Batting: RHB Dave Craig 0-0: Ball
1-0: Swinging Strike
1-1: Foul Ball, location: 2F
1-2: Fly out, F9 (Flyball, 9LM)
Runner from 3rd tags up, SCORES, no throw
Batting: LHB Lorenzo Villa 0-0: Called Strike
Norberto Muńóz is caught stealing 2nd base
Top of the 1st over - 1 run(s), 2 hit(s), 0 error(s), 0 left on base; Baffin Island 1 - Nevada 0
BOTTOM OF THE 1ST
Nevada Noise batting - Pitching for Baffin Island Beavers : RHP José Rojas
Pitching: RHP José Rojas
Batting: LHB Stanley Mullins 0-0: SINGLE (Groundball, 4MD)
Batting: RHB Stephen Wilson 0-0: Called Strike
0-1: Called Strike
Stanley Mullins is caught stealing 2nd base
0-2: Ball
1-2: Foul Ball, location: 2F
1-2: Ball
2-2: Ground out 5-3 (Groundball, 56)
Batting: RHB Rich Ruffin 0-0: Ball
1-0: Swinging Strike
1-1: Called Strike
1-2: Ball
2-2: Strikes out swinging
Bottom of the 1st over - 0 run(s), 1 hit(s), 0 error(s), 0 left on base; Baffin Island 1 - Nevada 0
TOP OF THE 2ND
Baffin Island Beavers batting - Pitching for Nevada Noise : RHP Alberto Parra
Batting: LHB Lorenzo Villa 0-0: Ball
1-0: Ball
2-0: Called Strike
2-1: Foul Ball, location: 2F
2-2: Foul Ball, location: 2F
2-2: SINGLE (Groundball, 4MD)
Batting: SHB Alonso Ferreira 0-0: Called Strike
0-1: Swinging Strike
0-2: Foul Ball, location: 2F
0-2: Foul Ball, location: 2F
0-2: Ball
1-2: Hit by Pitch
Lorenzo Villa to second
Batting: RHB José Aguilera 0-0: Foul Ball, location: 2F
0-1: Called Strike
0-2: Ball
1-2: Fly out, F8 (Flyball, 8RD)
Batting: LHB Mike MacFadden 0-0: Called Strike
0-1: Swinging Strike
0-2: Grounds into double play, 3-6-3 (Groundball, 34)
Top of the 2nd over - 0 run(s), 1 hit(s), 0 error(s), 1 left on base; Baffin Island 1 - Nevada 0
BOTTOM OF THE 2ND
Nevada Noise batting - Pitching for Baffin Island Beavers : RHP José Rojas
Batting: SHB Rob Grun 0-0: Fly out, F7 (Flyball, 7LS)
Batting: RHB Edward Young 0-0: Called Strike
0-1: Fly out, F9 (Flyball, 9S)
Batting: LHB Tom Waller 0-0: Foul Ball, location: 2F
0-1: Fly out, F4 (Popup, 34D)
Bottom of the 2nd over - 0 run(s), 0 hit(s), 0 error(s), 0 left on base; Baffin Island 1 - Nevada 0
TOP OF THE 3RD
Baffin Island Beavers batting - Pitching for Nevada Noise : RHP Alberto Parra
Batting: LHB Howard Evans 0-0: Swinging Strike
0-1: Fly out, F4 (Popup, 4D)
Batting: LHB José Rodríguez 0-0: Ball
1-0: Ball
2-0: Ball
3-0: Ground out U3 (Groundball, 34S)
Batting: LHB Norberto Muńóz 0-0: Bunt for hit - play at first, batter OUT! 5-3
Top of the 3rd over - 0 run(s), 0 hit(s), 0 error(s), 1 left on base; Baffin Island 1 - Nevada 0
BOTTOM OF THE 3RD
Nevada Noise batting - Pitching for Baffin Island Beavers : RHP José Rojas
Batting: RHB Jesús Hernández 0-0: Ball
1-0: Ball
2-0: Foul Ball, location: 2F
2-1: Ball
3-1: SINGLE (Groundball, 6MD)
Batting: RHB Pepe González 0-0: SINGLE (Groundball, 3) (infield hit)
Jesús Hernández to second
Batting: RHB Manny Ramírez 0-0: Ball
1-0: Called Strike
1-1: Ball
2-1: Foul Ball, location: 2F
2-2: Ball
3-2: Base on Balls
Jesús Hernández to third
Pepe González to second
Batting: LHB Stanley Mullins 0-0: Swinging Strike
0-1: Fly out, F7 (Flyball, 7S)
Batting: RHB Stephen Wilson 0-0: Ball
1-0: Foul Ball, location: 2F
1-1: Ball
2-1: Foul Ball, location: 2F
2-2: Ball
3-2: Grounds into double play, 6-4-3 (Groundball, 6)
Bottom of the 3rd over - 0 run(s), 2 hit(s), 0 error(s), 2 left on base; Baffin Island 1 - Nevada 0
TOP OF THE 4TH
Baffin Island Beavers batting - Pitching for Nevada Noise : RHP Alberto Parra
Batting: LHB Robert Phillips 0-0: Ball
1-0: Called Strike
1-1: Called Strike
1-2: Foul Ball, location: 2F
1-2: Ground out 1-3 (Groundball, P)
Batting: RHB Dave Craig 0-0: Called Strike
0-1: Ball
1-1: Foul Ball, location: 2F
1-2: Foul Ball, location: 2F
1-2: Ball
2-2: Foul Ball, location: 2F
2-2: SINGLE (Line Drive, 78M)
Batting: LHB Lorenzo Villa 0-0: Called Strike
Dave Craig steals 2nd base
0-1: Fly out, F9 (Flyball, 9LM)
Runner from 2nd tags up, OUT at 3rd
Top of the 4th over - 0 run(s), 1 hit(s), 0 error(s), 0 left on base; Baffin Island 1 - Nevada 0
BOTTOM OF THE 4TH
Nevada Noise batting - Pitching for Baffin Island Beavers : RHP José Rojas
Batting: RHB Rich Ruffin 0-0: Called Strike
0-1: Foul Ball, location: 2F
0-2: Strikes out swinging
Batting: SHB Rob Grun 0-0: Ground out 4-3 (Groundball, 4MS)
Batting: RHB Edward Young 0-0: Foul Ball, location: 2F
0-1: Ball
1-1: Fly out, F7 (Flyball, 7LM)
Bottom of the 4th over - 0 run(s), 0 hit(s), 0 error(s), 0 left on base; Baffin Island 1 - Nevada 0
TOP OF THE 5TH
Baffin Island Beavers batting - Pitching for Nevada Noise : RHP Alberto Parra
Pitching: LHP José Mercado
Batting: SHB Alonso Ferreira 0-0: Ball
1-0: Foul Ball, location: 2F
1-1: Called Strike
1-2: Ball
2-2: Ball
3-2: Fly out, F8 (Flyball, 89M)
Batting: RHB José Aguilera 0-0: Foul Ball, location: 2F
0-1: Called Strike
0-2: Foul Ball, location: 2F
0-2: SINGLE (Groundball, 34D)
Batting: LHB Mike MacFadden 0-0: Ball
1-0: Ball
2-0: Ball
3-0: Called Strike
3-1: Fly out, F2 (Popup, 5S)
Batting: LHB Howard Evans 0-0: Ball
1-0: Called Strike
1-1: Fielders Choice at 2nd, 4-6 (Groundball, 4)
Top of the 5th over - 0 run(s), 1 hit(s), 0 error(s), 0 left on base; Baffin Island 1 - Nevada 0
BOTTOM OF THE 5TH
Nevada Noise batting - Pitching for Baffin Island Beavers : RHP José Rojas
Pitching: LHP Jaime Guzmán
Batting: LHB Tom Waller 0-0: Ball
1-0: Ground out 5-3 (Groundball, 56)
Batting: RHB Jesús Hernández 0-0: Ball
1-0: Called Strike
1-1: Ground out 5-3 (Groundball, 5L)
Batting: RHB Pepe González 0-0: Foul Ball, location: 2F
0-1: Foul Ball, location: 2F
0-2: Foul Ball, location: 2F
0-2: Foul Ball, location: 2F
0-2: Ball
1-2: Fly out, F9 (Flyball, 9)
Bottom of the 5th over - 0 run(s), 0 hit(s), 0 error(s), 0 left on base; Baffin Island 1 - Nevada 0
TOP OF THE 6TH
Baffin Island Beavers batting - Pitching for Nevada Noise : LHP José Mercado
Batting: LHB José Rodríguez 0-0: Ball
1-0: Called Strike
1-1: Ball
2-1: Foul Ball, location: 2F
2-2: Strikes out swinging
Batting: LHB Norberto Muńóz 0-0: Called Strike
0-1: Ball
1-1: Called Strike
1-2: Ball
2-2: Fly out, F7 (Flyball, 7D)
Batting: LHB Robert Phillips 0-0: Called Strike
0-1: Ball
1-1: SINGLE (Flyball, 89S)
Batting: RHB Dave Craig 0-0: Swinging Strike
0-1: Ball
1-1: Foul Ball, location: 2F
1-2: Ball
2-2: Ball
3-2: Foul Ball, location: 2F
3-2: Foul Ball, location: 2F
3-2: Foul Ball, location: 2F
3-2: Foul Ball, location: 2F
3-2: Foul Ball, location: 2F
3-2: 2-RUN HOME RUN (Flyball, 78XD), Distance : 422 ft
Pitching: RHP Ray McIntyre
Batting: LHB Lorenzo Villa 0-0: Ball
1-0: Called Strike
1-1: Fly out, F8 (Flyball, 8RD)
Top of the 6th over - 2 run(s), 2 hit(s), 0 error(s), 0 left on base; Baffin Island 3 - Nevada 0
BOTTOM OF THE 6TH
Nevada Noise batting - Pitching for Baffin Island Beavers : LHP Jaime Guzmán
Batting: RHB Manny Ramírez 0-0: Foul Ball, location: 2F
0-1: Ground out 6-3 (Groundball, 56D)
Batting: LHB Stanley Mullins 0-0: Ball
1-0: Ball
2-0: Ball
3-0: Called Strike
3-1: Reached on error, E5 (Groundball, 56S)
Batting: RHB Stephen Wilson 0-0: Ball
1-0: Foul Ball, location: 2F
1-1: Foul Ball, location: 2F
1-2: Strikes out swinging
Batting: RHB Rich Ruffin 0-0: Called Strike
0-1: Ball
1-1: Ball
2-1: SINGLE (Line Drive, 9)
Stanley Mullins to second
Batting: SHB Rob Grun 0-0: Fielders Choice at 2nd, 6-4 (Groundball, 6)
Bottom of the 6th over - 0 run(s), 1 hit(s), 1 error(s), 1 left on base; Baffin Island 3 - Nevada 0
TOP OF THE 7TH
Baffin Island Beavers batting - Pitching for Nevada Noise : RHP Ray McIntyre
Batting: SHB Alonso Ferreira 0-0: Called Strike
0-1: Ball
1-1: Ball
2-1: Ball
3-1: Base on Balls
Batting: RHB José Aguilera 0-0: Sac Bunt - play at first, batter OUT! 1-3
Alonso Ferreira to second
Batting: LHB Mike MacFadden 0-0: SINGLE (Line Drive, 89M)
Alonso Ferreira to third
Runner from 3rd tries for Home, SAFE, throw made home
Batting: LHB Howard Evans 0-0: Ball
1-0: Ground out 3-1 (Groundball, 34S)
Mike MacFadden to second
Pinch Hitting: LHB Keng-chi Lao 0-0: Foul Ball, location: 2F
0-1: Ball
1-1: Foul Ball, location: 2F
1-2: Hit by Pitch
Pinch Hitting: SHB Ron Edwards 0-0: Swinging Strike
0-1: Ball
1-1: Swinging Strike
1-2: Strikes out looking
Top of the 7th over - 1 run(s), 1 hit(s), 0 error(s), 2 left on base; Baffin Island 4 - Nevada 0
BOTTOM OF THE 7TH
Nevada Noise batting - Pitching for Baffin Island Beavers : LHP Jaime Guzmán
Now in LF: T.J. Richardson
Now in RF: Jeffrey Barker
Batting: RHB Edward Young 0-0: Called Strike
0-1: Called Strike
0-2: Ball
1-2: Ball
2-2: Fly out, F6 (Flyball, 6MD)
Batting: LHB Tom Waller 0-0: Called Strike
0-1: Ball
1-1: Fly out, F9 (Flyball, 9)
Batting: RHB Jesús Hernández 0-0: Foul Ball, location: 2F
0-1: Foul Ball, location: 2F
0-2: Ground out 5-3 (Groundball, 5)
Bottom of the 7th over - 0 run(s), 0 hit(s), 0 error(s), 0 left on base; Baffin Island 4 - Nevada 0
TOP OF THE 8TH
Baffin Island Beavers batting - Pitching for Nevada Noise : RHP Ray McIntyre
Batting: RHB Raúl Soto 0-0: Called Strike
0-1: Ball
1-1: Called Strike
1-2: SINGLE (Line Drive, 6MD)
Pinch Hitting: RHB Ángelo García 0-0: Called Strike
0-1: Grounds into double play, 1-6-3 (Groundball, 13S)
Pinch Hitting: RHB Tomás Díaz 0-0: Ball
1-0: Ground out 5-3 (Groundball, 56)
Top of the 8th over - 0 run(s), 1 hit(s), 0 error(s), 0 left on base; Baffin Island 4 - Nevada 0
BOTTOM OF THE 8TH
Nevada Noise batting - Pitching for Baffin Island Beavers : LHP Jaime Guzmán
Pitching: RHP Colm Stewart
Now at 1B: Ángelo García
Now at SS: Tomás Díaz
Batting: RHB Pepe González 0-0: Called Strike
0-1: Ball
1-1: Fly out, F8 (Line Drive, 8RM)
Batting: RHB Manny Ramírez 0-0: Swinging Strike
0-1: Ball
1-1: Foul Ball, location: 2F
1-2: Ball
2-2: Foul Ball, location: 2F
2-2: Ball
3-2: SINGLE (Flyball, 8LS)
Batting: LHB Willie Wallace 0-0: Grounds into double play, 4-6-3 (Groundball, 4)
Bottom of the 8th over - 0 run(s), 1 hit(s), 0 error(s), 0 left on base; Baffin Island 4 - Nevada 0
TOP OF THE 9TH
Baffin Island Beavers batting - Pitching for Nevada Noise : RHP Ray McIntyre
Pinch Hitting: RHB Pedro Molina 0-0: Swinging Strike
0-1: SINGLE (Groundball, 6M) (infield hit)
Pinch Hitting: SHB Emílio Calvillo 0-0: Ball
1-0: Bunted foul
1-1: Bunt missed!
1-2: Strikes out swinging
Pinch Hitting: RHB Murdoch Norton 0-0: Ground out 5-3 (Groundball, 56S)
Pedro Molina to second
Pinch Hitting: SHB Garrett Waller 0-0: Called Strike
0-1: Swinging Strike
0-2: Ball
1-2: Foul Ball, location: 2F
1-2: Foul Ball, location: 2F
1-2: Ball
2-2: Ball
3-2: Ground out U3 (Groundball, 3)
Top of the 9th over - 0 run(s), 1 hit(s), 0 error(s), 1 left on base; Baffin Island 4 - Nevada 0
BOTTOM OF THE 9TH
Nevada Noise batting - Pitching for Baffin Island Beavers : RHP Colm Stewart
Now at C: Murdoch Norton
Now at 2B: Emílio Calvillo
Now at 3B: Sam Elder
Now in LF: Garrett Waller
Pinch Hitting: SHB Julián Madrid 0-0: Ball
1-0: Called Strike
1-1: Ball
2-1: Foul Ball, location: 2F
2-2: Ground out 1-3 (Groundball, 15S)
Pinch Hitting: LHB Pablo Reyes 0-0: Foul Ball, location: 2F
0-1: Called Strike
0-2: SINGLE (Groundball, 3D)
Pinch Hitting: RHB Fernando Gálvez 0-0: Fly out, F2 (Popup, 2R)
Pinch Hitting: LHB Jeff Cole Balk!
Pablo Reyes to second
0-0: Foul Ball, location: 2F
0-1: Ball
1-1: Ball
2-1: Ball
3-1: Base on Balls
Pitching: LHP Edgardo Guzmán
Pinch Hitting: RHB Carlos García 0-0: Ball
1-0: Called Strike
1-1: SINGLE (Flyball, 8RS)
Pablo Reyes to third
Jeff Cole to second
Runner from 3rd tries for Home, SAFE, throw made at trailing runner, SAFE at third!
Pinch Hitting: RHB Jack Bailey 0-0: Ball
1-0: Called Strike
1-1: Ball
2-1: SINGLE (Line Drive, 89M)
Jeff Cole scores
Carlos García to second
Runner from 2nd tries for 3rd, SAFE, throw made to third
Jack Bailey to second
Pinch Hitting: RHB Andrew Good 0-0: Ground out 1-3 (Groundball, P)
Bottom of the 9th over - 2 run(s), 3 hit(s), 0 error(s), 2 left on base; Baffin Island 4 - Nevada 2
Tuesday, August 8th, 2017 - OOTP Baseball 17.12 Build 75